 Dungeon Crawl Stone Soup version 0.20.1-1-g8b1a95d66d (webtiles) character file.

154 Hvezdomuz the Sneak (level 5, -5/40 HPs)
             Began as a Draconian Enchanter on Nov 30, 2017.
             Slain by a gnoll
             ... wielding a +0 club
              (8 damage)
             ... on level 2 of the Dungeon.
             The game lasted 00:20:39 (2293 turns).

Hvezdomuz the Sneak (Draconian Enchanter)           Turns: 2293, Time: 00:20:40

Health: -5/40      AC:  5    Str: 13    XL:     5   Next: 13%
Magic:  1/8        EV: 13    Int: 15    God:
Gold:   85         SH:  0    Dex: 13    Spells: 3/9 levels left

rFire    . . .     SeeInvis .   a - +2 dagger
rCold    . . .     Gourm    .   (no shield)
rNeg     . . .     Faith    .   (armour unavailable)
rPois    .         Spirit   .   (helmet restricted)
rElec    .         Reflect  .   (no cloak)
rCorr    .         Harm     .   (no gloves)
MR       .....                  (no boots)
Stlth    ++........             (no amulet)
Regen    0.2/turn               m - +3 ring of strength
MPRegen  0.2/turn               (no ring)

@: very slightly contaminated
A: unfitting armour, cold-blooded, AC +5
a: no special abilities


You were on level 2 of the Dungeon.
You were near starving.

You visited 1 branch of the dungeon, and saw 2 of its levels.

You collected 85 gold pieces.

Inventory:

Hand Weapons
 a - a +2 dagger (weapon)
 j - a cursed -1 dagger
Missiles
 g - 98 stones (quivered)
Jewellery
 e - an uncursed amulet of faith {unknown}
 h - a cursed ring of teleportation {unknown}
 m - a +3 ring of strength (left hand)
 n - an uncursed ring of wizardry {unknown}
 q - an uncursed ring of flight {unknown}
Wands
 c - a wand of random effects (13/48)
Scrolls
 d - a scroll of identify
 l - a scroll of remove curse
 o - a scroll of enchant weapon
Potions
 i - a potion of magic {unknown}
Books
 b - a book of Maledictions

   Spells                             Type                      Level
   a - Corona                         Hexes                        1
   b - Ensorcelled Hibernation        Hexes/Ice                    2
   c - Confuse                        Hexes                        3
   d - Tukima's Dance                 Hexes                        3
   e - Dazzling Spray                 Conjuration/Hexes            3
Comestibles
 f - a meat ration
 k - a bread ration


   Skills:
 + Level 1.0 Fighting
 + Level 1.9 Short Blades
 + Level 0.1 Throwing
 + Level 2.5 Dodging
 + Level 3.4 Stealth
 + Level 2.5 Spellcasting
 + Level 3.4 Hexes
 + Level 0.8 Ice Magic


You had 3 spell levels left.
You knew the following spells:

 Your Spells              Type           Power        Failure   Level  Hunger
a - Corona                Hex            ##.....      4%          1    #......
b - Ensorcelled Hibernat  Hex/Ice        #.....       13%         2    ###....
c - Tukima's Dance        Hex            ##......     16%         3    ###....


Dungeon Overview and Level Annotations

Branches:
Dungeon (2/15)

Altars:


Innate Abilities, Weirdness & Mutations

Your plain brown scales are hard. (AC +5)
You cannot fit into any form of body armour.
You are cold-blooded and may be slowed by cold attacks.


Message History

Confirm with . or Enter, or press ? or * to list all spells.
Aiming: Ensorcelled Hibernation
Press: ? - help, Shift-Dir - straight line, f/p - gnoll
Aim: a gnoll, wielding a club (heavily wounded, chance to defeat MR: 49%)
You miscast Ensorcelled Hibernation.
Multicoloured lights dance before your eyes!
The gnoll closely misses you.
You hit the gnoll.
You tail-slap the gnoll, but do no damage.
The gnoll is severely wounded.
The gnoll misses you.
The gnoll hits you from afar with a halberd!
* * * LOW HITPOINT WARNING * * *
You hit the gnoll but do no damage.
The gnoll is severely wounded.
The gnoll closely misses you.
You closely miss the gnoll. You tail-slap the gnoll.
The gnoll is severely wounded.
The gnoll misses you. The gnoll hits you with a club!
You die...

#........# #..,,,(..
#.######.# ####*#### #.#
#.# #.,,,.,,. #.# #.#
##.####### #.# #.#
#......... #.# #.#
#.#....... #.# #g#
#...##.... #.# #g#
###.....### #.# #@#
#...######.
#.#############.#######..
#........†......##.......
#...............##.###...
#...............##<##....
##################......)
#.# #......#... #.#
#.........# #.#
#.(....#.>.


You could see 2 gnolls.

Vanquished Creatures
  Terence (D:2)
  Jessica (D:2)
  Robin (D:2)
  A gnoll (D:2)
  3 adders (D:2)
  An ooze (D:1)
  A worm (D:2)
  A dart slug (D:2)
  A leopard gecko (D:1)
  6 bats
  9 goblins (D:2)
  5 hobgoblins
  4 jackals (D:2)
  A ball python (D:1)
  5 frilled lizards
  6 kobolds
  3 rats
50 creatures vanquished.

Vanquished Creatures (collateral kills)
  A gnoll (D:2)
1 creature vanquished.

Vanquished Creatures (others)
  2 dancing weapons (D:2)
2 creatures vanquished.

Grand Total: 53 creatures vanquished

Notes
Turn   | Place    | Note
-------+----------+-------------------------------------------
     0 | D:1      | Hvezdomuz the Draconian Enchanter began the quest for the Orb.
     0 | D:1      | Reached XP level 1. HP: 14/14 MP: 3/3
   312 | D:1      | Reached XP level 2. HP: 14/20 MP: 5/5
   489 | D:1      | Learned a level 2 spell: Ensorcelled Hibernation
  1236 | D:2      | Reached XP level 3. HP: 26/26 MP: 6/6
  1298 | D:2      | Noticed Robin
  1325 | D:2      | Noticed Terence
  1366 | D:2      | Learned a level 3 spell: Tukima's Dance
  1445 | D:2      | Killed Terence
  1598 | D:2      | Noticed Jessica
  1612 | D:2      | Killed Jessica
  1612 | D:2      | Reached XP level 4. HP: 31/34 MP: 0/7
  1905 | D:2      | Killed Robin
  2232 | D:2      | Reached skill level 1 in Fighting
  2232 | D:2      | Reached XP level 5. HP: 39/40 MP: 3/8
  2293 | D:2      | Slain by a gnoll

Skill      XL: |  1  2  3  4 |
---------------+-------------+-----
Hexes          | 3 |  3.4
Stealth        | 3 |  3.4
Dodging        | 2 |  2.5
Fighting       | 1 |  1.0
Short Blades   | |  1.9
Throwing       | |  0.1
Spellcasting   | |  2.5
Ice Magic      | |  0.8

Action                   |  1- 3 |  4- 6 || total
-------------------------+-------+-------++-------
Melee: Dagger            |   114 |   123 ||   237
       Tailslap          |    11 |    11 ||    22
Throw: Stone             |     7 |       ||     7
 Cast: Corona            |     3 |     4 ||     7
       Ensorcelled Hiber |     7 |    11 ||    18
       Tukima's Dance    |     3 |     2 ||     5
  Use: Scroll            |       |     9 ||     9
       Potion            |       |     1 ||     1
 Stab: Sleeping          |     5 |     5 ||    10
  Eat: Chunk             |     1 |       ||     1
       Bread ration      |     1 |       ||     1
Armor: Skin              |    40 |    41 ||    81
Dodge: Dodged            |    86 |   105 ||   191
